 Dungeon Crawl Stone Soup version 0.16-a0-283-g1ba5a8c (webtiles) character file.

142 DrPain the Ruffian (level 5, 0/42 (46) HPs)
             Began as a Ghoul Monk on Aug 27, 2014.
             Was a Believer of Okawaru.
             Slain by Menkaure (20 damage)
             ... on Level 4 of the Dungeon.
             The game lasted 00:24:58 (3465 turns).

DrPain the Ruffian (Ghoul Monk)                     Turns: 3465, Time: 00:24:58

HP   0/42 (46)   AC  9     Str 16      XL: 5   Next: 24%
MP   4/4         EV  8     Int  5      God: Okawaru [**....]
Gold 109         SH  0     Dex 17      Spells:  0 memorised,  4 levels left

rFire  . . .     SeeInvis .       - Unarmed
rCold  + . .     Clarity  .     M - +0 scale mail
rNeg   + + +     rCorr    .     (no shield)
rPois  +         rRot     +     E - +0 helmet
rElec  .         Spirit   .     (no cloak)
SustAb .         Warding  .     H - +0 pair of gloves
rMut   .         Stasis   .     F - +0 pair of boots
Saprov + + +                    d - amulet of rage
MR     .....                    m - ring of poison resistance
                                q - +6 ring of dexterity

@: rotting, not resistant to hostile enchantments, very unstealthy
A: rotting body, claws 1, carnivore 3, cold resistance 1, negative energy
resistance 3, poison resistance, saprovore 3, slow healing 1, torment
resistance, unbreathing
a: Heroism, Renounce Religion


You were on level 4 of the Dungeon.
You worshipped Okawaru.
Okawaru was pleased with you.
You were not hungry.

You visited 1 branch of the dungeon, and saw 4 of its levels.

You collected 109 gold pieces.

Inventory:

Hand weapons
 D - a +1 dagger of venom
 Z - a +0 hunting sling of flaming
Missiles
 c - 21 bolts
 e - 39 arrows
 f - 12 poisoned needles
 n - 8 curare-tipped needles
 u - 33 stones (quivered)
 B - 17 sling bullets of frost
 T - 7 needles of paralysis
Armour
 E - a +0 helmet (worn)
 F - a +0 pair of boots (worn)
 H - a +0 pair of gloves (worn)
 M - a +0 scale mail (worn)
Magical devices
 j - a wand of slowing (9)
 U - a wand of cold (10)
Comestibles
 a - a royal jelly
 b - a bread ration
 h - 3 meat rations
 o - a beef jerky
Scrolls
 g - 2 scrolls of immolation
 N - a scroll of identify
 X - 2 scrolls of remove curse
 Y - a scroll of fog
Jewellery
 d - an amulet of rage (around neck)
 m - a ring of poison resistance (right hand)
 q - a +6 ring of dexterity (left hand)
Potions
 i - a potion of resistance {unknown}
 k - a potion of flight {unknown}
 l - a potion of confusion {unknown}
 v - a potion of might {unknown}
 x - a potion of invisibility {unknown}
 C - a potion of agility {unknown}


   Skills:
 + Level 4.1 Fighting
 + Level 1.2 Armour
 + Level 3.3 Dodging
 - Level 2.1 Stealth
 * Level 5.6 Unarmed Combat


You had 4 spell levels left.
You didn't know any spells.

Dungeon Overview and Level Annotations

Branches:
Dungeon (4/15)
 Temple: D:4-7

Altars:
Cheibriados
Elyvilon
Okawaru
Sif Muna
The Shining One

Annotations:
D:4 Menkaure


Innate Abilities, Weirdness & Mutations

Your body is rotting away.
You have sharp fingernails.
You are carnivorous and can eat meat at any time.
Your flesh is cold resistant.
You are immune to negative energy.
Your system is resistant to poisons.
You thrive on rotten meat.
You heal slowly when monsters are visible.
You are immune to unholy pain and torment.
You can survive without breathing.


Message History

Okawaru only cares about fresh corpses!
Okawaru is pleased with you.
Menkaure, Prince of Dust comes into view.
Menkaure shouts!
You hit Menkaure.
Menkaure is moderately damaged.
You hit Menkaure.
Menkaure is moderately damaged.
Menkaure hits you.
You hit Menkaure.
Menkaure is heavily damaged.
Menkaure hits you!
You barely miss Menkaure.
Menkaure is heavily damaged.
Menkaure gestures wildly while chanting.
Menkaure seems to speed up.
You closely miss Menkaure.
Menkaure is heavily damaged.
Menkaure hits you!!
You die...

##.........###...
#...........###.. ##
#..########..#### ##.#
#..# #..# # #...##.##
##.# #.##......# #..#
..........## #..#
..#........## #..#
#......@M..# ##.##
#...........# #..##
#............# ##..##
#.............# ##...
##.........#..# ##..
##.......##...#######..
#......## #...........
.....## #...........
..# #..######...


You could see Menkaure.

Vanquished Creatures
  A hound (D:4)
  Terence (D:2)
  A gnoll (D:4)
  An adder (D:3)
  An inept item mimic (D:4)
  A worm (D:3)
  3 giant geckos
  An ooze (D:1)
  5 orcs
  4 ball pythons
  5 bats
  5 giant cockroaches
  8 hobgoblins
  7 kobolds
  2 quokkas (D:3)
  2 giant newts
  5 goblins
  A jackal skeleton (D:4)
  An orc skeleton (D:4)
  7 rats
  12 plants (D:1)
74 creatures vanquished.

Vanquished Creatures (others)
  2 plants (D:1)
2 creatures vanquished.

Grand Total: 76 creatures vanquished

Notes
Turn   | Place    | Note
--------------------------------------------------------------
     0 | D:1      | DrPain, the Ghoul Monk, began the quest for the Orb.
     0 | D:1      | Reached XP level 1. HP: 19/19 MP: 1/1
   194 | D:1      | Reached XP level 2. HP: 23/26 MP: 2/2
  1122 | D:1      | Reached skill level 5 in Unarmed Combat
  1122 | D:1      | Reached XP level 3. HP: 29/29 MP: 3/3
  1178 | D:2      | Found an iron altar of Okawaru.
  1194 | D:2      | Became a worshipper of Warmaster Okawaru
  1194 | D:2      | Acquired Okawaru's first power
  1471 | D:2      | Found a white marble altar of Elyvilon.
  1678 | D:2      | Noticed Terence
  1703 | D:2      | Killed Terence
  2153 | D:3      | Reached XP level 4. HP: 33/35 MP: 3/3
  2626 | D:3      | Found a deep blue altar of Sif Muna.
  2860 | D:4      | Reached skill level 1 in Armour
  2950 | D:4      | Found a glowing golden altar of the Shining One.
  3180 | D:4      | Found a snail-covered altar of Cheibriados.
  3183 | D:4      | Reached XP level 5. HP: 43/43 MP: 4/4
  3457 | D:4      | Noticed Menkaure
  3465 | D:4      | Slain by Menkaure

Action                   |  1- 3 |  4- 6 || total
-------------------------+-------+-------++-------
Melee: Unarmed           |   528 |    87 ||   615
Invok: Heroism           |       |     1 ||     1
Evoke: Wand              |       |     1 ||     1
  Use: Scroll            |       |     7 ||     7
  Eat: Chunk             |     4 |     5 ||     9
       Meat ration       |     1 |       ||     1
       Pizza             |     1 |       ||     1
